AoeStats
← MK Sinaloa

Arabia

510637852Analyzed
1v1 RM · 4h ago on Oct 1, 2026· 33m 5s· 2 players
Game mode
Random Map
Map size
Tiny (2 player)
Population
200
Speed
Normal
Resources
Standard
Victory
Conquest
Starting age
Dark Age
Ending age
Imperial Age
RankedLock teamsTeams togetherTeam positionsShared explorationLock speedFull tech treeHidden civsTurbo modeCheats
Victory
Defeat
🇺🇸 Franks · United States
818
+13
🇲🇽 Franks · Mexico
762
-13
Materia_Fox
8:08 Loom
10:06 Feudal Age
10:55 Double-Bit Axe
18:17 Castle Age
20:25 Wheelbarrow
22:30 Husbandry
23:02 Hand Cart
23:14 Gold Mining
25:42 Forging
28:54 Bow Saw
29:00 Scale Barding Armor
MK Sinaloa
0:41 Loom
11:15 Feudal Age
12:57 Wheelbarrow
12:10 Town Watch
12:18 Double-Bit Axe
15:20 Scale Mail Armor
15:31 Forging
24:36 Castle Age
24:38 Scale Barding Armor
26:08 Chain Barding Armor
26:24 Iron Casting
27:12 Chain Mail Armor
26:48 Fletching
26:38 Pikeman
27:18 Squires
27:37 Caravan
30:22 Gold Mining
31:21 Husbandry
32:58 Ballistics
Connection lost

Rejoining the realm…

Still unreachable

The connection could not be restored.

Session expired

The server has moved on; the page needs a fresh start.